 Dungeon Crawl Stone Soup version 0.29-a0-529-gfa20dd96a1 (webtiles) character file.

Game seed: 17048125691011211572

67 dolemite99 the Cudgeller (level 3, -13/31 HPs)
             Began as a Minotaur Abyssal Knight on June 2, 2022.
             Was a Believer of Lugonu.
             Killed by an exploding giant cockroach (44 damage)
             ... ignited by their inner flame
             ... on level 2 of the Dungeon.
             The game lasted 00:01:41 (2161 turns).

dolemite99 the Cudgeller (Minotaur Abyssal Knight)  Turns: 2161, Time: 00:01:41

Health: -13/31     AC:  6    Str: 19    XL:     3   Next: 98%
Magic:  3/3        EV:  9    Int:  7    God:    Lugonu [**....]
Gold:   104        SH:  0    Dex: 10    Spells: 2/2 levels left

rFire   . . .      SeeInvis .   g - +0 whip (elec)
rCold   . . .      Faith    .   (no shield)
rNeg    . . .      Spirit   .   k - +0 scale mail
rPois   .          Reflect  .   (helmet restricted)
rElec   .          Harm     .   (no cloak)
rCorr   .          Rampage  .   (no gloves)
Will    .....                   (no boots)
Stlth   ..........              (no amulet)
HPRegen 0.10/turn               (no ring)
MPRegen 0.08/turn               (no ring)

@: no status effects
A: horns 2, retaliatory headbutt
a: Renounce Religion, Depart the Abyss, Bend Space


You were on level 2 of the Dungeon.
You worshipped Lugonu.
Lugonu was pleased with you.
You visited 1 branch of the dungeon, and saw 2 of its levels.
You visited the Abyss 1 time.

You collected 104 gold pieces.

Inventory:

Hand Weapons
 a - a +1 mace
 g - a +0 whip of electrocution (weapon)
Missiles
 d - 23 stones
 l - 3 poisoned darts
Armour
 b - a +0 leather armour
 k - a +0 scale mail (worn)
Wands
 j - a wand of digging (5)
Scrolls
 h - a scroll of fog
 p - a scroll of teleportation
Potions
 c - a potion of attraction {unknown}
 e - 2 potions of might
 f - a potion of mutation {unknown}
 i - 3 potions of heal wounds
 m - a potion of flight {unknown}
 n - a potion of curing {unknown}


   Skills:
 - Level 3.6 Fighting
 + Level 5.2 Maces & Flails
 - Level 2.4 Armour
 - Level 1.1 Dodging
 - Level 1.7 Invocations


You had 2 spell levels left.
You didn't know any spells.
Your spell library contained the following spells:

 Spells                   Type           Power      Damage    Failure   Level
 Ensorcelled Hibernation  Hex/Ice        0%         N/A       91%         2
 Poisonous Vapours        Pois/Air       0%         N/A       91%         2
 Spider Form              Tmut/Pois      0%         N/A       99%         3
 Anguish                  Hex/Necr       0%         N/A       100%        4
 Corpse Rot               Necr/Pois/Air  0%         N/A       100%        4


Dungeon Overview and Level Annotations

Branches:
Dungeon (2/15)

Altars:


Innate Abilities, Weirdness & Mutations

You have a pair of horns on your head.
You reflexively headbutt those who attack you in melee.


Message History

You hit the worm but do no damage.
The worm is heavily wounded.
You hit the worm but do no damage. Your headbutt misses the worm.
The worm is heavily wounded.
The worm misses you.
You hit the worm.
The worm is severely wounded.
You hit the worm.
The worm is severely wounded.
The worm bites you.
You hit the worm.
The worm is severely wounded.
You whack the worm!
You kill the worm!
Lugonu accepts your kill.
No target in view!
You see here a worm corpse.
No target in view!
p - a scroll of teleportation;
i - 3 potions of heal wounds (gained 1)
You see here a worm corpse.
q - a scroll of identify {@r1}
As you read the scroll of identify {@r1}, it crumbles to dust.
h - a scroll of fog A giant cockroach comes into view.
As you read the scroll labelled BUHOBAN HEVE, it crumbles to dust.
The creatures around you are filled with an inner flame!
It was a scroll of immolation.
The giant cockroach closely misses you.
The giant cockroach bites you but does no damage.
You closely miss the giant cockroach.
Your headbutt misses the giant cockroach.
The giant cockroach bites you but does no damage.
You barely miss the giant cockroach.
The giant cockroach bites you but does no damage.
You hit the giant cockroach but do no damage.
Lightning courses through the giant cockroach!
Lugonu accepts your kill.
The giant cockroach explodes!
The fiery explosion engulfs you!!!
Ouch! That really hurt!
You die...

.#########.# .#
#...# .# #.###
.#### #.#
....####.#
....+...†# #
....###..#
####.###
#######..#
#§.§...#
.........# #@#
########.##### #.#
.............# #.#
#######.####.###.#
......#.#........#
......#.#....#####
......#.######
.........
.......##


There were no monsters in sight!

Vanquished Creatures
  2 adders (D:2)
  A worm (D:2)
  2 dart slugs (D:1)
  4 ball pythons
  5 endoplasms (D:1)
  A giant cockroach (D:2)
  2 hobgoblins (D:1)
  9 jackals
  5 kobolds
  A quokka (D:1)
  A bat (D:1)
  2 frilled lizards
  5 rats
40 creatures vanquished.

Vanquished Creatures (others)
  A plant (D:1)
1 creature vanquished.

Grand Total: 41 creatures vanquished

Notes
Turn   | Place    | Note
-------+----------+-------------------------------------------
     0 | Abyss:1  | dolemite99 the Minotaur Abyssal Knight began the quest for
                  | the Orb.
     0 | Abyss:1  | Reached XP level 1. HP: 19/19 MP: 1/1
     3 | D:1      | Escaped the Abyss
   181 | D:1      | Reached skill level 3 in Maces & Flails
   213 | D:1      | Reached ** piety under Lugonu
   392 | D:1      | Reached XP level 2. HP: 26/26 MP: 2/2
   551 | D:1      | Found a faded altar of an unknown god.
   776 | D:1      | Reached skill level 4 in Maces & Flails
  1048 | D:1      | Reached XP level 3. HP: 27/31 MP: 3/3
  2018 | D:2      | Reached skill level 5 in Maces & Flails
  2161 | D:2      | Killed by an exploding giant cockroach... ignited by their
                  | inner flame

Illustrated notes

Levels and vault maps discovered:
D:1:      psy_arrival_whirlpool, layout_loops_cross,
          shapermc_ecumenical_altar_mp_ritualfount, serial_forest,
          infiniplex_forest_corner_1, infiniplex_forest_straight_4,
          infiniplex_forest_straight_2, infiniplex_forest_lined_3,
          infiniplex_forest_straight_5, infiniplex_forest_lined_corner,
          infiniplex_forest_zigzag_1
D:2:      layout_basic

Skill      XL: |  1  2  3 |
---------------+----------+-----
Maces & Flails | 3 4 5 |  5.2
Fighting       | |  3.6
Armour         | |  2.4
Dodging        | |  1.1
Invocations    | |  1.7

Action                   || total
-------------------------++-------
Melee: Whip              ||    72
       Mace              ||     1
       Headbutt          ||     6
Invok: Depart the Abyss  ||     1
  Use: Scroll            ||     7
Armor: Leather armour    ||    12
       Scale mail        ||    11
Dodge: Dodged            ||    36

Table legend: (Time is in decaauts)
 A = Elapsed time spent in this place.
 B = Non-inter-level travel time spent in this place.
 C = Inter-level travel time spent in this place.
 D = Time resting spent in this place.
 E = Time spent auto-exploring this place.
 F = Levels seen in this place.
 G = Mean time per level.
                   A        B        C        D        E       F      G
               +--------+--------+--------+--------+--------+-----+--------+
         Total |   2155 |   2130 |     25 |    723 |   1084 |   3 |  718.3 |
       Dungeon |   2152 |   2127 |     25 |    723 |   1084 |   2 | 1076.0 |
         Abyss |      3 |      3 |      0 |      0 |      0 |   1 |    3.0 |
               +--------+--------+--------+--------+--------+-----+--------+

Top non-repeatable levels by time:
     D:1: 1478 daAuts
     D:2: 673 daAuts
 Abyss:1: 3 daAuts
